 Dungeon Crawl Stone Soup version 0.20-a0-1116-gaa52201 (webtiles) character file.

22 Chaoticas the Insei (level 2, -1/22 HPs)
             Began as a Gnoll Transmuter on May 7, 2017.
             Slain by an adder (4 damage)
             ... on level 2 of the Dungeon.
             The game lasted 00:01:46 (676 turns).

Chaoticas the Insei (Gnoll Transmuter)               Turns: 676, Time: 00:01:46

Health: -1/22      AC:  2    Str:  9    XL:     2   Next: 91%
Magic:  3/6        EV: 13    Int: 13    God:
Gold:   63         SH:  0    Dex: 14    Spells: 5/8 levels left

rFire    . . .     SeeInvis .     - Unarmed
rCold    . . .     Gourm    .   (no shield)
rNeg     . . .     Faith    .   b - +0 robe
rPois    .         Spirit   .   (no helmet)
rElec    .         Reflect  .   (no cloak)
rCorr    .         Harm     .   (no gloves)
MR       .....                  (boots currently unavailable)
Stlth    +.........             (no amulet)
Regen    0.1/turn               (no ring)
MPRegen  0.1/turn               (no ring)

@: lethally poisoned (-1 -> -9), appendage
A: short attention span, fangs 1, talons 3, strong nose
a: End Transformation


You were on level 2 of the Dungeon.
You were not hungry.
You had grown temporary talons.
You visited 1 branch of the dungeon, and saw 2 of its levels.

You collected 63 gold pieces.

Inventory:

Missiles
 a - 11 arrows
Armour
 b - a +0 robe (worn)
Scrolls
 e - 3 scrolls of teleportation {unknown}
 g - a scroll of random uselessness {unknown}
 h - 2 scrolls of identify {unknown}
 i - a scroll of amnesia {unknown}
Potions
 j - 3 potions of might {unknown}
 l - 2 potions of haste {unknown}
Books
 c - a book of Changes

   Spells                             Type                      Level
   a - Beastly Appendage              Transmutation                1
   b - Sticks to Snakes               Transmutation                2
   c - Spider Form                    Transmutation/Poison         3
   d - Ice Form                       Ice/Transmutation            4
   e - Blade Hands                    Transmutation                5
Comestibles
 d - a bread ration
 k - a meat ration


   Skills:
 - Level 1.7 Fighting
 - Level 3.2 Dodging
 * Level 5.6 Unarmed Combat
 - Level 3.6 Spellcasting
 * Level 4.4 Transmutations


You had 5 spell levels left.
You knew the following spells:

 Your Spells              Type           Power        Failure   Level  Hunger
a - Beastly Appendage     Tmut           ##....       3%          1    #......
b - Sticks to Snakes      Tmut           ##......     5%          2    ##.....


Dungeon Overview and Level Annotations

Branches:
Dungeon (2/15)

Altars:
Kikubaaqudgha


Innate Abilities, Weirdness & Mutations

You have a short attention span.
You have very sharp teeth.
Your uncanny sense of smell can sniff out nearby items.
You have claws for feet.


Message History

Some of the chunks of flesh in your inventory have rotted away.
All of the chunks of flesh in your inventory have rotted away.
An adder comes into view.
Found 10 stones.
Casting: Beastly Appendage
Confirm with . or Enter, or press ? or * to list all spells.
Your feet morph into talons.
A rat comes into view.
The adder hisses angrily.
The adder bites you. x2
You are poisoned.
The adder poisons you!
Found an ancient bone altar of Kikubaaqudgha.
You barely miss the adder. You claw the adder, but do no damage.
Your bite misses the adder.
You feel sick. The adder closely misses you.
You barely miss the adder. The adder closely misses you.
You hit the adder. You claw the adder, but do no damage.
The adder is moderately wounded.
You feel sick. The adder closely misses you.
You miss the adder. You claw the adder, but do no damage.
The adder is moderately wounded.
The rat closely misses you. The adder closely misses you.
You closely miss the adder.
The adder is moderately wounded.
The adder closely misses you. The rat closely misses you.
You barely miss the adder.
The adder is moderately wounded.
You feel sick. The adder bites you. The rat misses you. The adder bites you.
* * * LOW HITPOINT WARNING * * *
You are too injured to fight recklessly!
The rat barely misses you.
You feel sick. The adder completely misses you.
Casting: Beastly Appendage
Confirm with . or Enter, or press ? or * to list all spells.
You fail to extend your transformation any further.
The adder bites you.
* * * LOW HITPOINT WARNING * * *
You are lethally poisoned!
The adder poisons you!
You hit the adder but do no damage. Your kick misses the adder.
The adder is moderately wounded.
* * * LOW HITPOINT WARNING * * *
You feel sick. The adder bites you but does no damage.
The rat twitches its whiskers.
Casting: Beastly Appendage
Confirm with . or Enter, or press ? or * to list all spells.
You create a snake!
You now have 11 arrows.
* * * LOW HITPOINT WARNING * * *
You feel sick. The adder bites you.
You die...

##.## ##.##.######.##...#
#.# ##...#.# ####.##..##
#.# #......###........#
#.######.###......##.###.##
#...<....# #..######.# #..#
########.###.........# ##..
#.S...######### ### ###.###
# #@# ####### # #S##.......
####r#.......#
#.......P.(..#
#.##.#.P...... ..
#.#P...#... #. #.#...## _
#. ∆ .....PP# . .......P.


You could see an adder, a rat and a friendly ball python.

Vanquished Creatures
  A leopard gecko (D:1)
  A giant cockroach (D:1)
  2 goblins (D:1)
  5 hobgoblins (D:1)
  2 bats (D:1)
  2 frilled lizards (D:1)
  3 kobolds (D:1)
  5 rats (D:1)
21 creatures vanquished.

Notes
Turn   | Place    | Note
-------+----------+-------------------------------------------
     0 | D:1      | Chaoticas the Gnoll Transmuter began the quest for the Orb.
     0 | D:1      | Reached XP level 1. HP: 16/16 MP: 5/5
    23 | D:1      | Reached skill level 5 in Unarmed Combat
   135 | D:1      | Reached skill level 4 in Transmutations
   135 | D:1      | Reached XP level 2. HP: 21/22 MP: 4/6
   390 | D:1      | Learned a level 2 spell: Sticks to Snakes
   663 | D:2      | Found an ancient bone altar of Kikubaaqudgha.
   669 | D:2      | HP: 9/22 [adder (4)]
   675 | D:2      | HP: 4/22 [poisoned by an adder]
   676 | D:2      | Slain by an adder

Vault maps used:
D:1:      lightli_molten_gateway
D:2:      cheibrodos_greedy_goblins, lemuel_doored_altar,
          kiku_gazebo_garden_becter, nicolae_gozag_zags_fifth_avenue,
          minmay_lizard_pond

Skill      XL: |  1 |
---------------+----+-----
Unarmed Combat | 5 |  5.6
Transmutations | 4 |  4.4
Fighting       | |  1.7
Dodging        | |  3.2
Spellcasting   | |  3.6

Action                   || total
-------------------------++-------
Melee: Unarmed           ||    49
       Kick              ||     7
       Headbutt          ||     2
       Punch             ||     1
       Bite              ||     1
 Cast: Beastly Appendage ||    14
       Sticks to Snakes  ||     1
 Stab: Sleeping          ||     1
Armor: Robe              ||     5
Dodge: Dodged            ||    41
